 Dungeon Sprint DCSS version 0.26.1-11-gd32895ea62 (webtiles) character file.

Game seed: 7625220534662268523

18111 Zeld the Hoplite (level 12, -3/97 HPs)
             Began as a Hill Orc Monk on June 8, 2021.
             Was the Champion of Beogh.
             Slain by an orc knight
             ... wielding a cursed -3 dire flail
              (17 damage)
             ... in the Dungeon (Sprint V: "Ziggurat Sprint").
             The game lasted 00:05:34 (3663 turns).

Zeld the Hoplite (Hill Orc Monk)                    Turns: 3663, Time: 00:05:35

Health: -3/97      AC: 22    Str: 30    XL:     12   Next: 55%
Magic:  12/12      EV:  7    Int:  9    God:    Beogh [******]
Gold:   0          SH: 30    Dex: 14    Spells: 11/11 levels left

rFire    . . .     SeeInvis +   z - +14 obsidian axe {vorpal, +Fly SInv *Curse} (curse)
rCold    . . .     Faith    .   i - +3 tower shield
rNeg     + . .     Spirit   .   h - +5 crystal plate armour
rPois    +         Reflect  .   (no helmet)
rElec    .         Harm     .   H - +2 ratskin cloak {*Rats rPois rN+ Str-1 Int-1 Dex+1}
rCorr    .         Rampage  .   (no gloves)
Will     .....     NoTele   +   (no boots)
Stlth    ..........             (no amulet)
HPRegen  0.26/turn              w - +6 ring of strength
MPRegen  0.13/turn              x - +6 ring of strength

@: mesmerised
A: walk on water
a: Renounce Religion, Evoke Flight, Smiting, Recall Orcish Followers, Give Item
to Named Follower, Resurrection


You were in the Dungeon.
You worshipped Beogh.
Beogh was exalted by your worship.
You visited 1 branch

Inventory:

Hand Weapons
 j - a +9 broad axe of protection
 z - the cursed +14 obsidian axe (weapon) {vorpal, +Fly SInv *Curse}
   (You found it in the Dungeon)

   It inflicts extra damage upon your enemies.
   It lets you see invisible.
   It lets you fly.
   It curses itself when equipped.
   It has a curse placed upon it.
Armour
 h - a +5 crystal plate armour (worn)
 i - a +3 tower shield (worn)
 H - the +2 ratskin cloak (worn) {*Rats rPois rN+ Str-1 Int-1 Dex+1}
   (You found it in the Dungeon)

   It affects your strength (-1).
   It affects your intelligence (-1).
   It affects your dexterity (+1).
   It protects you from poison.
   It protects you from negative energy.
Jewellery
 w - a +6 ring of strength (left hand)
 x - a +6 ring of strength (right hand)
 D - an uncursed ring of positive energy
 F - a +4 ring of evasion
Wands
 s - a wand of disintegration (7)
 u - a wand of iceblast (7)
 v - a wand of acid (7)
Scrolls
 a - 4 scrolls of amnesia
 g - 4 scrolls of blinking
 k - 7 scrolls of fog
 l - a scroll of holy word
 m - 5 scrolls of identify
 n - 5 scrolls of remove curse
 o - 2 scrolls of fear
Potions
 b - 10 potions of curing
 d - 10 potions of haste
 e - 7 potions of magic
 f - 3 potions of berserk rage
 p - 2 potions of brilliance
 q - 2 potions of invisibility
 r - 4 potions of resistance
 t - 5 potions of might
Miscellaneous
 y - a lightning rod (4/4)
 A - a phial of floods
 B - a box of beasts
 C - a tin of tremorstones (2/2)
 E - a condenser vane
 G - a phantom mirror


   Skills:
 * Level 6.4 Fighting
 - Level 20.0 Axes
 * Level 4.4 Dodging
 - Level 1.5 Stealth
 - Level 25.0 Shields
 - Level 3.2 Unarmed Combat
 * Level 3.3 Evocations


You had 11 spell levels left.
You didn't know any spells.
Your spell library was empty.

Dungeon Overview and Level Annotations

Branches:
Dungeon (1/1)

Altars:
Ashenzari
Cheibriados
Dithmenos
Elyvilon
Fedhas
Gozag
Hepliaklqana
Kikubaaqudgha
Makhleb
Nemelex Xobeh
Okawaru
Qazlal
Ru
Sif Muna
Trog
Uskayaw
Vehumet
Wu Jian
Xom
Yredelemnul
Zin
The Shining One
Beogh
Jiyva
Lugonu

Annotations:
D 1 transporter


Message History

The sticky flame misses the orc high priest.
Your neqoxec barely misses the orc warlord.
The orc high priest prays to Beogh.
The orc high priest hits your smoke demon with a +2 vorpal long sword!
Your smoke demon dies!
Your ynoxinul hits the orc high priest! You slice the orc warlord!!
The orc warlord is heavily wounded.
You closely miss the orc knight. You hit the orc high priest.
You open a gate to Pandemonium!
A demon appears!
You hit the sixfirhy. You hit the smoke demon.
Visions of slaying the orc high priest flood into your mind.
The smoke demon hits you but does no damage.
You block the smoke demon's attack. x2; The orc high priest barely misses you.
The orc warlord hits you with a +0 great mace!!!
Ouch! That really hurt!
* * * LOW HITPOINT WARNING * * *
The orc knight hits you with a cursed -3 dire flail!
You die...
Beogh appreciates the orc knight's killing of a heretic priest.

▓....©....
▓▓▓▓▓▓▓▓▓▓▓▓▓▓▓▓▓▓▓▓▓▓
▓...8©8...▓...8©8...▓.
▓...:)|:[.▓..)})|...▓.
▓..=|)|=..▓....)}...▓.
▓.....44o.▓.........▓.
▓...3o....▓.........▓.
▓...o)o...▓....÷....▓.
▓..3o@3...▓.........▓.
▓..▓o.3▓..▓.........▓.
▓.▓..§4.▓.▓.........▓.
▓....©....▓....©....▓▓
▓▓▓▓▓▓▓▓▓▓▓▓▓▓▓▓▓▓▓▓▓


You could see an orc warlord (strong), an orc knight (strong), 3 orc high
priests, an ice devil (summoned), a sixfirhy (summoned), a smoke demon
(summoned), a red devil (summoned), a friendly orc knight (strong, misshapen), a
friendly neqoxec (summoned), a friendly ynoxinul (summoned) and a friendly red
devil (summoned).

Vanquished Creatures
  An iron dragon (D)
  A deep elf sorcerer (D)
  A balrug (D)
  A spriggan defender (D)
  A crystal guardian (D)
  A vault guard (D)
  A spriggan air mage (D)
  3 two-headed ogres (D)
  2 iron golems (D)
  A shadow wraith (D)
  2 deep elf archers (D)
  A harpy (D)
  2 deep elf magi (D)
  2 cyclopes (D)
  An orc sorcerer (D)
  A demonic crawler (D)
  A hellwing (D)
  A troll (D)
  A hornet (D)
  A tarantella (D)
  3 spriggans (D)
  An air elemental (D)
  A fire elemental (D)
  A large abomination (D)
  A phantom (D)
  3 black bears (D)
  3 ogres (D)
  2 necrophages (D)
  2 wolves (D)
  5 earth elementals (D)
  A bullfrog (D)
  2 scorpions (D)
  2 wights (D)
  4 crimson imps (D)
  6 starcursed masses (D)
  A quasit (D)
  A gnoll (D)
  An adder skeleton (D)
  A bat skeleton (D)
  A jackal (D)
  A giant cockroach zombie (D)
  A jackal zombie (D)
70 creatures vanquished.

Vanquished Creatures (collateral kills)
  A great orb of eyes (D)
  2 vault guards (D)
  An iron golem (D)
  An ironbrand convoker (D)
  A starcursed mass (D)
  A freezing wraith (D)
  A jumping spider (D)
  A black bear (D)
  An ogre (D)
10 creatures vanquished.

Grand Total: 80 creatures vanquished

Notes
Turn   | Place    | Note
-------+----------+-------------------------------------------
     0 | D        | Zeld the Hill Orc Monk began the quest for the Orb.
     0 | D        | Reached XP level 1. HP: 19/19 MP: 1/1
     1 | D        | Banished a spatial maelstrom
     7 | D        | Found a blossoming altar of Fedhas.
     8 | D        | Found the +6 Majin-Bo {vamp, MP+6 Int+6}
     8 | D        | Found the +9 heavy crossbow "Sniper" {vorpal, Acc+∞ SInv}
     8 | D        | Found the +10 dark maul {vorpal}
     8 | D        | Found the +15 Maxwell's patent armour {-Cast -Tele rElec
                  | Will+ rCorr}
     8 | D        | Found the +18 shield of the Gong {rElec rN+ Will+ EV-5}
     8 | D        | Found the cursed +14 obsidian axe {vorpal, +Fly SInv
                  | *Curse}
     8 | D        | Found the +7 great mace "Firestarter" {inner flame, rF++}
     8 | D        | Found the +6 shillelagh "Devastator" {shatter}
     8 | D        | Found the +11 plutonium sword {*Contam Stlth-}
     8 | D        | Found the +8 lance "Wyrmbane" {slay drac, rPois rF+ rC+
                  | AC+3}
     8 | D        | Found the +9 sword of Zonguldrok {reap}
     8 | D        | Found the cursed +13 scythe of Curses {drain, *Curse}
     8 | D        | Found the +5 sword of Power {vorpal}
     8 | D        | Found the +7 mace of Variability {chain chaos}
     8 | D        | Found the +7 Singing Sword {vorpal, sonic wave}
     8 | D        | Found the +8 storm bow {elec, penet}
    14 | D        | Became a worshipper of Beogh the Brigand
    14 | D        | Reached * piety under Beogh
    14 | D        | Reached ** piety under Beogh
    18 | D        | Found a hazy altar of Hepliaklqana.
    18 | D        | Found an opulent altar of Gozag.
    18 | D        | Found a viscous altar of Jiyva.
    18 | D        | Found a transporter.
    18 | D        | Found an ancient bone altar of Kikubaaqudgha.
    21 | D        | Found a corrupted altar of Lugonu.
    48 | D        | Found a burning altar of Makhleb.
    49 | D        | Found a sacrificial altar of Ru.
    49 | D        | Found a shimmering blue altar of Sif Muna.
    49 | D        | Found a stormy altar of Qazlal.
    49 | D        | Found a bloodstained altar of Trog.
    49 | D        | Found an iron altar of Okawaru.
    49 | D        | Found a sparkling altar of Nemelex Xobeh.
    53 | D        | Reached skill level 5 in Shields
    53 | D        | Reached XP level 2. HP: 26/26 MP: 2/2
   221 | D        | Entered arena 2.
   221 | D        | Noticed a bullfrog
   221 | D        | Found a transporter.
   222 | D        | Killed a bullfrog
   223 | D        | Reached skill level 7 in Shields
   223 | D        | Reached XP level 3. HP: 31/31 MP: 3/3
   223 | D        | Reached XP level 4. HP: 39/39 MP: 4/4
   334 | D        | Entered arena 3.
   334 | D        | Noticed a spriggan
   334 | D        | Noticed a spriggan
   334 | D        | Noticed a black bear
   334 | D        | Found a transporter.
   337 | D        | Killed a spriggan
   338 | D        | Reached skill level 9 in Shields
   338 | D        | Reached XP level 5. HP: 16/45 MP: 5/5
   338 | D        | Reached XP level 6. HP: 18/51 MP: 6/6
   339 | D        | Killed a spriggan
   339 | D        | Reached *** piety under Beogh
   339 | D        | Killed a black bear
   340 | D        | Reached skill level 11 in Shields
   340 | D        | Reached XP level 7. HP: 21/57 MP: 7/7
   665 | D        | Entered arena 4.
   665 | D        | Found a transporter.
   669 | D        | Reached **** piety under Beogh
   781 | D        | Entered arena 5.
   781 | D        | Noticed a jumping spider
   781 | D        | Noticed a tarantella
   781 | D        | Found a transporter.
   787 | D        | Killed a tarantella
   788 | D        | Reached skill level 12 in Shields
   791 | D        | Killed a jumping spider
   791 | D        | Reached ***** piety under Beogh
   792 | D        | Reached skill level 15 in Axes
   792 | D        | Reached skill level 13 in Shields
   792 | D        | Reached XP level 8. HP: 41/64 MP: 5/8
  1013 | D        | Entered arena 6.
  1013 | D        | Found a transporter.
  1168 | D        | Entered arena 7.
  1168 | D        | Noticed a spriggan
  1169 | D        | Found a transporter.
  1172 | D        | Killed a spriggan
  1173 | D        | Reached skill level 14 in Shields
  1173 | D        | Reached ****** piety under Beogh
  1174 | D        | Reached XP level 9. HP: 70/70 MP: 9/9
  1568 | D        | Entered arena 8.
  1568 | D        | Noticed a deep elf mage
  1568 | D        | Noticed a deep elf archer
  1568 | D        | Noticed a deep elf mage
  1568 | D        | Noticed a deep elf sorcerer
  1574 | D        | Killed a deep elf mage
  1575 | D        | Reached skill level 15 in Shields
  1581 | D        | Killed a deep elf mage
  1585 | D        | Killed a deep elf sorcerer
  1586 | D        | Reached skill level 16 in Shields
  1586 | D        | Found a transporter.
  1588 | D        | Killed a deep elf archer
  1589 | D        | Reached XP level 10. HP: 21/77 MP: 4/10
  2046 | D        | Entered arena 9.
  2046 | D        | Noticed a two-headed ogre
  2046 | D        | Noticed a cyclops
  2046 | D        | Noticed a two-headed ogre
  2046 | D        | Noticed a two-headed ogre
  2047 | D        | Found a transporter.
  2051 | D        | Killed a two-headed ogre
  2052 | D        | Reached skill level 17 in Shields
  2054 | D        | Killed a cyclops
  2054 | D        | Killed a two-headed ogre
  2055 | D        | Reached skill level 18 in Shields
  2055 | D        | Killed a two-headed ogre
  2055 | D        | Noticed a soul eater
  2056 | D        | Reached skill level 19 in Shields
  2461 | D        | Entered arena 10.
  2461 | D        | Noticed a vault guard
  2461 | D        | Noticed a deep elf archer
  2461 | D        | Noticed a vault guard
  2461 | D        | Noticed an ironbrand convoker
  2461 | D        | Noticed a vault guard
  2461 | D        | Noticed a harpy
  2461 | D        | Noticed a shadow wraith
  2462 | D        | Identified the +11 morningstar of the Ghost {antimagic,
                  | *Contam rPois rN+ Dex+2}
  2462 | D        | Found a transporter.
  2466 | D        | Killed a harpy
  2471 | D        | Killed a shadow wraith
  2471 | D        | Noticed a spriggan defender
  2471 | D        | Noticed a spriggan air mage
  2472 | D        | Reached XP level 11. HP: 71/82 MP: 11/11
  2472 | D        | Noticed a cyclops
  2472 | D        | Killed a vault guard
  2473 | D        | Reached skill level 20 in Shields
  2476 | D        | Killed a vault guard
  2478 | D        | Killed a vault guard
  2479 | D        | Reached skill level 21 in Shields
  2480 | D        | Killed a spriggan air mage
  2483 | D        | Noticed a balrug
  2483 | D        | Noticed a great orb of eyes
  2484 | D        | Killed a spriggan defender
  2484 | D        | Killed an ironbrand convoker
  2485 | D        | Reached skill level 22 in Shields
  2487 | D        | Killed a deep elf archer
  2488 | D        | Killed a balrug
  2489 | D        | Killed a cyclops
  2489 | D        | Killed a great orb of eyes
  2490 | D        | Reached skill level 23 in Shields
  2851 | D        | Entered arena 11.
  2851 | D        | Noticed a starcursed mass
  2852 | D        | Found a transporter.
  2860 | D        | Reached XP level 12. HP: 73/90 MP: 12/12
  2864 | D        | Killed a starcursed mass
  2865 | D        | Reached skill level 24 in Shields
  3268 | D        | Entered arena 12.
  3268 | D        | Noticed an iron golem
  3268 | D        | Noticed an iron dragon
  3268 | D        | Noticed a crystal guardian
  3269 | D        | Found the +2 ratskin cloak {*Rats rPois rN+ Str-1 Int-1
                  | Dex+1}
  3269 | D        | Noticed an iron golem
  3270 | D        | Found a transporter.
  3270 | D        | Noticed an iron golem
  3282 | D        | Killed a crystal guardian
  3282 | D        | Killed an iron golem
  3290 | D        | Killed an iron dragon
  3291 | D        | Reached skill level 25 in Shields
  3292 | D        | Killed an iron golem
  3293 | D        | Reached skill level 5 in Fighting
  3293 | D        | Reached skill level 1 in Evocations
  3301 | D        | Killed an iron golem
  3650 | D        | Entered arena 13.
  3650 | D        | Noticed an orc high priest
  3651 | D        | Noticed an orc warlord
  3651 | D        | Noticed an orc high priest
  3651 | D        | Noticed an orc high priest
  3652 | D        | Found a transporter.
  3663 | D        | Slain by an orc knight

Illustrated notes

Levels and vault maps discovered:
D:        sprint_v [room_start, room_1, room_2, room_3, room_4, room_5, room_6,
          room_7, room_8, room_9, room_10, room_11, room_12, room_13, room_14,
          room_15, room_16, room_17, room_18, room_19, room_20, room_21,
          room_22, room_23, room_24, room_25, room_26, room_27]

Skill      XL: |  1  2  3  4  5  6  7  8  9 10 11 12 |
---------------+-------------------------------------+-----
Axes           | 6 8 11 13 15 16 19 20 | 20.0
Shields        | 5 7 9 11 13 14 16 19 23 25 | 25.0
Fighting       | 6 |  6.4
Dodging        | 4 |  4.4
Evocations     | 3 |  3.3
Stealth        | |  1.5
Unarmed Combat | |  3.2

Action                   |  1- 3 |  4- 6 |  7- 9 | 10-12 || total
-------------------------+-------+-------+-------+-------++-------
Melee: Broad axe         |     1 |     5 |    40 |    70 ||   116
Invok: Smiting           |       |       |     1 |       ||     1
       Recall Orcish Fol |       |       |     1 |       ||     1
  Use: Potion            |     1 |       |     4 |     6 ||    11
       Scroll            |       |       |       |     6 ||     6
 Stab: Distracted        |       |       |       |     1 ||     1
Armor: Crystal plate arm |       |     6 |    14 |    30 ||    50
Dodge: Dodged            |       |       |     3 |     9 ||    12
Block: Tower shield      |     1 |     6 |    46 |   118 ||   171
